AoeStats
← WizardinBlack74

Arabia

504369426Analyzed
2v2 RM · 28d ago on Sep 5, 2026· 105m 45s· 4 players
Game mode
Random Map
Map size
Medium (4 player)
Population
200
Speed
Normal
Resources
Standard
Victory
Conquest
Starting age
Dark Age
Ending age
Imperial Age
RankedLock teamsTeams togetherTeam positionsShared explorationLock speedFull tech treeHidden civsTurbo modeCheats
Victory
Defeat
🇨🇱 Khmer · Chile
504
+9
🇺🇸 Byzantines · United States
472
+10
🇺🇸 Cumans · United States
341
-9
🇺🇸 Persians · United States
341
-10
ViChoOP
2:46 Loom
21:16 Feudal Age
22:02 Town Watch
22:55 Wheelbarrow
30:37 Castle Age
30:43 Stone Mining
33:49 Double-Bit Axe
36:55 Bow Saw
39:39 Hand Cart
42:44 Horse Collar
44:19 Gold Mining
46:05 Gold Shaft Mining
46:07 Stone Shaft Mining
46:32 Heavy Plow
51:24 Town Patrol
65:22 Crossbowman
65:56 Elite Skirmisher
68:05 Pikeman
77:06 Man-at-Arms
84:47 Imperial Age
90:10 Double Crossbow
90:11 Tusk Swords
89:32 Elite Ballista Elephant
98:57 Chemistry
98:19 Ballistics
97:50 Heated Shot
Trumpie23
13:12 Feudal Age
13:56 Double-Bit Axe
29:34 Castle Age
28:52 Horse Collar
29:50 Forging
30:23 Elite Skirmisher
32:51 Pikeman
34:13 Iron Casting
35:06 Stone Mining
37:33 Loom
42:50 Imperial Age
40:41 Scale Mail Armor
44:24 Chain Mail Armor
44:11 Padded Archer Armor
45:05 Onager
45:08 Halberdier
50:46 Guard Tower
51:07 Fortified Wall
51:46 Treadmill Crane
54:42 Elite Cataphract
55:23 Greek Fire
59:16 Keep
59:01 Ballistics
61:47 Chemistry
60:32 Arrowslits
63:19 Bombard Tower
76:45 Plate Mail Armor
77:07 Conscription
81:16 Scale Barding Armor
81:28 Leather Archer Armor
81:04 Fletching
87:32 Ring Archer Armor
86:59 Bodkin Arrow
87:30 Ballistics
89:36 Gold Mining
90:11 Bracer
Witchinblack6
17:45 Feudal Age
21:11 Fletching
21:18 Double-Bit Axe
50:27 Castle Age
59:54 Bloodlines
84:52 Light Cavalry
87:45 Light Cavalry
WizardinBlack74
17:43 Loom
25:39 Feudal Age
29:49 Gold Mining
29:50 Stone Mining
33:02 Castle Age
34:57 Wheelbarrow
34:08 Town Watch
35:47 Gold Shaft Mining
35:06 Double-Bit Axe
36:22 Bow Saw
39:55 Hand Cart
39:42 Town Patrol
41:11 Forging
41:03 Scale Mail Armor
43:23 Murder Holes
51:16 Man-at-Arms
53:39 Masonry
60:39 Padded Archer Armor
60:31 Fletching
60:49 Scale Barding Armor
61:54 Pikeman
67:16 Imperial Age
66:11 Ballistics
65:45 Heated Shot
67:31 Elite Kipchak
73:32 Long Swordsman
101:20 Steppe Husbandry
101:03 Sappers
Connection lost

Rejoining the realm…

Still unreachable

The connection could not be restored.

Session expired

The server has moved on; the page needs a fresh start.